 Dungeon Crawl Stone Soup version 0.25-a0-614-g73ad250 (webtiles) character file.

Game seed: 8633499326127197494, levelgen mode: deterministic

1456 Faca the Fighter (level 9, -6/111 HPs)
             Began as a Human Fighter on Mar 17, 2020.
             Killed by divine providence
             ... invoked by an orc priest
              (12 damage)
             ... on level 6 of the Dungeon.
             The game lasted 00:17:17 (6455 turns).

Faca the Fighter (Human Fighter)                    Turns: 6455, Time: 00:17:18

Health: -6/111     AC: 13    Str: 20    XL:     9   Next: 5%
Magic:  9/9        EV:  4    Int:  8    God:
Gold:   347        SH: 10    Dex: 13    Spells: 8/8 levels left

rFire    . . .     SeeInvis .   a - +0 long sword
rCold    + . .     Gourm    .   c - +1 kite shield
rNeg     . . .     Faith    .   j - +0 chain mail
rPois    +         Spirit   .   (no helmet)
rElec    .         Reflect  .   w - +2 cloak {rPois}
rCorr    .         Harm     .   (no gloves)
MR       .....                  (no boots)
Stlth    ..........             (no amulet)
HPRegen  0.28/turn              o - ring of protection from cold
MPRegen  0.11/turn              (no ring)

@: mighty, berserking, drained, very quick
A: molten scales 1, wild magic 1
a: no special abilities


You were on level 6 of the Dungeon.
You were hungry.

You visited 1 branch of the dungeon, and saw 6 of its levels.
You also visited: Sewer.

You collected 372 gold pieces.
You spent 25 gold pieces at shops.

Inventory:

Hand Weapons
 a - a +0 long sword (weapon)
 p - a +1 scimitar
 r - a +0 short sword of venom
Missiles
 h - 14 poisoned darts (quivered)
 u - 6 boomerangs
Armour
 c - a +1 kite shield (worn)
 j - a +0 chain mail (worn)
 w - a +2 cloak of poison resistance (worn)
Jewellery
 o - a ring of protection from cold (left hand)
Wands
 x - a wand of iceblast (4)
Scrolls
 k - 2 scrolls of teleportation
 l - 2 scrolls of magic mapping
 m - 5 scrolls of remove curse
 n - a scroll of fog
 t - 2 scrolls of enchant weapon
Potions
 b - a potion of lignification
 i - a potion of invisibility
 q - a potion of magic
 s - 4 potions of flight
Comestibles
 f - 6 rations


   Skills:
 + Level 8.1(7.2) Fighting
 + Level 7.7(6.8) Long Blades
 - Level 3.0(2.2) Armour
 - Level 3.0(2.2) Shields


You had 8 spell levels left.
You didn't know any spells.
Your spell library contained the following spells:

 Spells                   Type           Power        Failure   Level  Hunger
 Animate Skeleton         Necr           N/A          100%        1    ##.....
 Apportation              Tloc           #.....       100%        1    ##.....
 Beastly Appendage        Tmut           #.....       100%        1    ##.....
 Corona                   Hex            #......      100%        1    ##.....
 Summon Small Mammal      Summ           #...         100%        1    ##.....
 Sticks to Snakes         Tmut           #.......     100%        2    ###....
 Spider Form              Tmut/Pois      #.........   100%        3    ####...
 Ice Form                 Ice/Tmut       #.......     100%        4    #####..
 Blade Hands              Tmut           #.........   100%        5    ######.


Dungeon Overview and Level Annotations

Branches:
Dungeon (6/15)              Sewer (visited)
 Temple: D:4-7

Altars:
Ashenzari
Gozag
Kikubaaqudgha
Ru
Vehumet
Xom
The Shining One

Shops:
D:4 ::[*

Annotations:
D:6 Maggie, Sigmund


Innate Abilities, Weirdness & Mutations

You are partially covered in molten scales. (AC +2)
Your spells are a little harder to cast, but a little more powerful.


Message History

The orc priest casts a cantrip, but nothing happens.
The orc hits you but does no damage. x2
Your shield and chain mail prevent you from hitting the orc priest.
The orc priest is almost dead.
The orc hits you but does no damage.
The orc priest hits you but does no damage. x2
The orc barely misses you. You block the orc's attack.
It was a potion of berserk rage.
A red film seems to cover your vision as you go berserk!
You feel yourself moving faster!
You feel mighty! You block the orc's attack.
The orc priest hits you but does no damage.
You block the orc priest's attack. The orc hits you but does no damage.
You completely miss the orc priest.
The orc priest is almost dead.
The orc hits you from afar with a +0 trident.
* * * LOW HITPOINT WARNING * * *
You block the orc's attack.
The orc priest calls down the wrath of Beogh upon you.
Beogh smites you!
You die...

##+## ##...##
##.....##
##.......##
.###.........####.
...'.........'....
#..ooo....#
##oo@....##
##.....## ##...##
##+##


You could see 2 orc priests and 3 orcs.

Vanquished Creatures
  Grinder (D:3)
  A sky beast (D:3)
  An ogre (D:5)
  A phantom (D:4)
  Blork the orc (D:5)
  A scorpion (D:5)
  2 crimson imps
  2 hounds
  Crazy Yiuf (D:5)
  2 orc priests (D:4)
  7 orc wizards
  A bullfrog skeleton (D:6)
  4 worker ants
  A merfolk siren (Sewer)
  A merfolk avatar (Sewer)
  A hound skeleton (D:5)
  3 gnolls (D:3)
  10 adders
  2 river rats (Sewer)
  A shadow imp (D:5)
  An adder skeleton (D:4)
  A dart slug (D:1)
  8 leopard geckos
  17 orcs
  5 ball pythons
  8 giant cockroaches
  10 goblins
  10 hobgoblins
  6 jackals
  3 quokkas
  6 bats
  7 frilled lizards
  10 kobolds
  A quokka skeleton (D:4)
  38 rats
175 creatures vanquished.

Vanquished Creatures (others)
  A kobold (D:2)
1 creature vanquished.

Grand Total: 176 creatures vanquished

Notes
Turn   | Place    | Note
-------+----------+-------------------------------------------
     0 | D:1      | Faca the Human Fighter began the quest for the Orb.
     0 | D:1      | Reached XP level 1. HP: 18/18 MP: 1/1
    27 | D:1      | Reached XP level 2. HP: 7/24 MP: 2/2
   478 | D:1      | Reached XP level 3. HP: 27/29 MP: 3/3
   653 | D:1      | Found a hazy altar of Hepliaklqana.
   655 | D:1      | Found a bloodstained altar of Trog.
   655 | D:1      | Found an opulent altar of Gozag.
   667 | D:1      | Found a shattered altar of Ashenzari.
   667 | D:1      | Found a shimmering altar of Xom.
   667 | D:1      | Found a snail-covered altar of Cheibriados.
   826 | D:2      | Reached XP level 4. HP: 21/37 MP: 4/4
   963 | D:2      | Reached skill level 4 in Fighting
   966 | D:2      | Found a radiant altar of Vehumet.
  1196 | D:2      | Reached XP level 5. HP: 42/42 MP: 5/5
  1314 | D:2      | Found an ancient bone altar of Kikubaaqudgha.
  1315 | D:2      | Found an opulent altar of Gozag.
  2132 | D:3      | Reached XP level 6. HP: 49/50 MP: 6/6
  2219 | D:3      | Noticed Grinder
  2228 | D:3      | Paralysed by Grinder for 5 turns
  2237 | D:3      | Paralysed by Grinder for 7 turns
  2244 | D:3      | Killed Grinder
  2244 | D:3      | Reached skill level 5 in Fighting
  2244 | D:3      | Reached skill level 5 in Long Blades
  2244 | D:3      | Reached XP level 7. HP: 12/56 MP: 7/7
  2726 | D:3      | Reached skill level 6 in Fighting
  3024 | D:4      | Found Utziry's Armour Shoppe.
  3024 | D:4      | Found Dithygev's Book Shop.
  3055 | D:4      | Found Cejen's Book Emporium.
  3358 | D:4      | Found a glowing drain.
  3395 | Sewer    | Entered a sewer
  4177 | D:4      | Reached XP level 8. HP: 34/65 MP: 8/8
  4540 | D:4      | Found Cumiutt's Assorted Antiques.
  4543 | D:4      | Bought a golden potion for 25 gold pieces
  4946 | D:5      | Entered Level 5 of the Dungeon
  4954 | D:5      | Reached skill level 7 in Fighting
  5270 | D:4      | HP: 3/67 [orc wizard/magic dart (8)]
  5656 | D:5      | Noticed Blork the orc
  5664 | D:5      | Killed Blork the orc
  5898 | D:5      | Found a sacrificial altar of Ru.
  5898 | D:5      | Found a faded altar of an unknown god.
  5903 | D:5      | Found a faded altar of an unknown god.
  5905 | D:5      | Found a glowing golden altar of the Shining One.
  5906 | D:5      | Found a shattered altar of Ashenzari.
  5968 | D:5      | Found a runed translucent door.
  5969 | D:5      | Noticed Crazy Yiuf
  5980 | D:5      | Killed Crazy Yiuf
  6161 | D:5      | Reached skill level 8 in Fighting
  6161 | D:5      | Reached XP level 9. HP: 63/74 MP: 9/9
  6396 | D:6      | Noticed Maggie
  6407 | D:6      | Noticed Sigmund
  6443 | D:6      | Gained mutation: You are partially covered in molten
                  | scales. (AC +2) [potion of mutation]
  6443 | D:6      | Gained mutation: Your spells are a little harder to cast,
                  | but a little more powerful. [potion of mutation]
  6455 | D:6      | Killed from afar by an orc priest

Levels and vault maps discovered:
D:1:      psy_arrival_whirlpool, layout_basic, hex_intersection,
          doesnt_xom_only_xom
D:2:      layout_rooms, fiery_altar_vehumet, gammafunk_temple_overflow_statue,
          first_ration, columned_hall_lemuel
D:3:      layout_basic, minmay_misc_feat_tiny, serial_bayou_lake_a, uniq_grinder
D:4:      layout_loops_cross, serial_shops, shop, shop, kennysheep_mini, shop,
          cheibrodos_sewer_entry_drain, hangedman_decor_lopped
D:5:      layout_basic, chequers_temple_overflow_minitemple,
          uniq_crazy_yiuf_cottage, uniq_blork_the_orc
D:6:      layout_loops_corners, minmay_temple_entry_large_hall,
          grunt_ministairs_15, uniq_maggie, uniq_sigmund

Skill      XL: |  1  2  3  4  5  6  7  8 |
---------------+-------------------------+-----
Long Blades    | 3 4 5 6 7 |  7.7
Fighting       | 4 5 6 8 |  8.1
Armour         | |  3.0
Shields        | |  3.0

Action                   |  1- 3 |  4- 6 |  7- 9 || total
-------------------------+-------+-------+-------++-------
Melee: Long sword        |    99 |   149 |   481 ||   729
Throw: Dart              |       |     2 |    25 ||    27
  Use: Scroll            |       |     6 |     7 ||    13
       Potion            |       |     2 |     6 ||     8
  Eat: Chunk             |       |     5 |    14 ||    19
Armor: Scale mail        |    35 |       |       ||    35
       Chain mail        |    29 |   104 |   291 ||   424
Dodge: Dodged            |    23 |    27 |    77 ||   127
Block: Kite shield       |    77 |    97 |   254 ||   428
       Rpst.: Long sword |     5 |     7 |    15 ||    27

Table legend:
 A = Non-vault XP
 B = Vault XP
 C = Vault XP percentage of total XP
 D = Non-vault monster count
 E = Vault monster count
 F = Vault count percentage of total count
                 A         B        C        D         E       F
            +---------+---------+-------+---------+---------+-------
      Total |    1488 |     592 |  28.5 |     127 |      48 |  27.4
            +---------+---------+-------+---------+---------+-------
        D:1 |      49 |       0 |   0.0 |      32 |       0 |   0.0
        D:2 |      99 |       0 |   0.0 |      19 |       0 |   0.0
        D:3 |     316 |     272 |  46.3 |      29 |       1 |   3.3
        D:4 |     410 |       2 |   0.5 |      20 |       2 |   9.1
        D:5 |     525 |     132 |  20.1 |      25 |       2 |   7.4
        D:6 |      89 |       0 |   0.0 |       2 |       0 |   0.0
      Sewer |       0 |     186 | 100.0 |       0 |      43 | 100.0
            +---------+---------+-------+---------+---------+-------
